AoeStats
← gawkydesigns

Arena

507700728Analyzed
3v3 RM · 11d ago on Sep 19, 2026· 37m 19s· 6 players
Game mode
Random Map
Map size
Normal (6 player)
Population
200
Speed
Normal
Resources
Standard
Victory
Conquest
Starting age
Dark Age
Ending age
Imperial Age
RankedLock teamsTeams togetherTeam positionsShared explorationLock speedFull tech treeHidden civsTurbo modeCheats
Victory
Defeat
🇹🇷 Koreans · Türkiye
1107
+13
🇹🇷 Spanish · Türkiye
1093
+13
🇹🇷 Huns · Türkiye
1005
+17
🇦🇺 Romans · Australia
1078
-16
🇦🇺 Japanese · Australia
1077
-16
🇦🇺 Georgians · Australia
950
-11
gawkydesigns
5:16 Loom
9:51 Feudal Age
15:20 Castle Age
14:22 Double-Bit Axe
19:01 Fletching
22:48 Scale Mail Armor
23:00 Horse Collar
26:31 Arson
31:01 Imperial Age
31:38 Wheelbarrow
30:56 Gold Mining
32:16 Bodkin Arrow
keeperoftheden
5:06 Loom
10:58 Feudal Age
15:54 Castle Age
13:58 Horse Collar
14:34 Double-Bit Axe
18:01 Bow Saw
18:49 Gold Mining
18:52 Stone Mining
21:33 Gold Shaft Mining
23:59 Heavy Plow
30:38 Imperial Age
28:08 Man-at-Arms
28:51 Scale Mail Armor
29:31 Forging
29:14 Town Watch
30:24 Chain Mail Armor
30:54 Wheelbarrow
30:12 Long Swordsman
30:53 Squires
31:54 Iron Casting
32:00 Ballistics
31:50 Masonry
32:24 Hand Cart
32:28 Legionary
33:08 Fletching
34:39 Conscription
34:41 Comitatenses
34:30 Ballistas
36:13 Chemistry
34:42 Heavy Scorpion
e_robbo
0:38 Loom
10:14 Feudal Age
12:26 Wheelbarrow
12:54 Double-Bit Axe
18:41 Castle Age
18:36 Horse Collar
19:12 Pikeman
19:54 Squires
19:43 Gambesons
20:12 Forging
20:04 Scale Mail Armor
20:45 Light Cavalry
21:36 Scale Barding Armor
26:06 Fortified Wall
26:39 Bloodlines
30:22 Svan Towers
30:16 Stone Mining
30:43 Bow Saw
30:33 Town Watch
31:49 Fletching
31:54 Guard Tower
33:32 Husbandry
33:29 Gold Mining
34:17 Ballistics
33:53 Murder Holes
34:10 Masonry
33:45 Treadmill Crane
38:45 Imperial Age
cooa
11:01 Feudal Age
15:50 Castle Age
14:03 Double-Bit Axe
14:45 Horse Collar
16:21 Wheelbarrow
17:18 Bow Saw
17:25 Heavy Plow
22:44 Stone Mining
22:48 Gold Mining
23:45 Hand Cart
25:56 Gold Shaft Mining
26:05 Loom
30:02 Imperial Age
27:47 Scale Barding Armor
28:07 Forging
28:41 Husbandry
28:54 Bloodlines
30:00 Iron Casting
29:46 Chain Barding Armor
28:53 Light Cavalry
29:48 Town Watch
30:08 Marauders
31:04 Conscription
30:05 Elite Tarkan
31:48 Blast Furnace
32:34 Two-Man Saw
32:29 Plate Barding Armor
32:11 Hussar
36:47 Cavalier
Hector Of Troy
11:28 Feudal Age
17:12 Castle Age
15:42 Double-Bit Axe
15:50 Horse Collar
18:08 Stone Mining
25:59 Imperial Age
30:49 Wheelbarrow
37:18 Fletching
Caniko
10:24 Feudal Age
9:49 Loom
14:17 Castle Age
13:20 Double-Bit Axe
14:00 Horse Collar
22:10 Wheelbarrow
24:01 Bow Saw
26:09 Hand Cart
26:11 Padded Archer Armor
26:24 Heavy Plow
28:08 Gold Mining
28:10 Town Watch
29:11 Fletching
29:37 Leather Archer Armor
30:11 Husbandry
30:23 Bloodlines
30:24 Scale Barding Armor
34:22 Imperial Age
32:43 Fortified Wall
32:54 Ballistics
34:11 Chain Barding Armor
34:06 Forging
33:52 Bodkin Arrow
34:45 Town Patrol
34:24 Elite Conquistador
35:26 Conscription
35:48 Cavalier
37:18 Iron Casting
37:43 Plate Barding Armor
Connection lost

Rejoining the realm…

Still unreachable

The connection could not be restored.

Session expired

The server has moved on; the page needs a fresh start.